Description

3 rax reaper with economical follow-up for a heavy pressure build

Build Order

Get SALT Encoding   

  12  0:00  SCV  
  13  0:12  SCV  
  14  0:17  Supply Depot  
  14  0:25  SCV  
  15  0:28  Refinery  
  15  0:38  SCV  
  16  0:44  Barracks  
  16  0:50  SCV  
  17  1:02  Barracks  
  17  1:07  SCV  
  18  1:21  Barracks  
  18  1:26  SCV  
  18  1:31  Reaper  
  20  1:42  Orbital Command  
  20  1:49  Reaper  
  21  1:54  Supply Depot  
  21  2:01  Refinery  
  21  2:03  Reaper  
  21  2:08  Reaper  
  23  2:16  SCV  
  24  2:24  Supply Depot  
  24  2:27  Reaper  
  24  2:28  SCV  
  26  2:36  Reaper  
  27  2:40  SCV  
  28  2:45  Reaper  
  30  3:05  Command Center  
  30  3:06  Reaper  
  31  3:18  Reaper  
  33  3:24  Factory  
  34  3:37  Reaper  
  34  4:00  Barracks Tech Lab  
  37  4:14  Barracks Reactor  
  37  4:16  Refinery  
  37  4:19  Barracks Reactor  
  37  4:21  Stimpack, Orbital Command  
  37  4:22  Marine  
  38  4:31  Starport  
  36  4:40  Marine  
  35  4:53  Marine x2  
  35  4:54  Factory Reactor  
  35  4:57  Marine  
  35  4:58  Engineering Bay  
  35  4:59  Engineering Bay  
  38  5:04  Supply Depot  
  38  5:05  Marine  
  38  5:06  Marine  
  41  5:11  Marine x2  
  41  5:14  Supply Depot  
  45  5:15  Marine  
  48  5:29  Terran Infantry Weapons Level 1, Terran Infantry Armor Level 1  
  53  5:38  Medivac x2  
  64  5:57  Liberator x2  
  78  6:26  Command Center  
  82  6:40  Barracks  
  82  6:46  Barracks  
  84  6:55  Armory, Factory Reactor  
  84  7:00  Refinery  
  91  7:17  Medivac  
  91  7:18  Medivac  
  94  7:31  Combat Shields  
  94  7:41  Orbital Command  
  88  7:50  Barracks Reactor  
  90  7:56  Factory Reactor  
  88  7:59  Medivac  
  88  8:00  Medivac  
  92  8:15  Orbital Command  
  99  8:38  Medivac x2  
  108  9:02  Widow Mine x2  
  105  9:08  Medivac x2  
  113  9:11  Factory  
  125  9:32  Barracks x2  
  125  9:34  Refinery  
Spawning Tool Build Advisor. Get it on Overwolf

Go to:

Details

  • Created by: foxersc   
  • Published on: Jan 17, 2017
  • Modified on: Jan 17, 2017
  • Patch: 3.8.0
Show
View Real Time Build Order
Export as new Build Order

Comments (1)

On Jan. 21, 2017, 6:03 a.m., 112233445z  said:

Create an account to comment!